 Dungeon Crawl Stone Soup version 0.29-a0-369-gd956c00756 (webtiles) character file.

Game seed: 4694901036452467200

575 siradein the Reanimator (level 7, -18/50 HPs)
             Began as a Ghoul Necromancer on May 2, 2022.
             Demolished by Menkaure (20 damage)
             ... on level 4 of the Dungeon.
             The game lasted 00:24:18 (6164 turns).

siradein the Reanimator (Ghoul Necromancer)         Turns: 6164, Time: 00:24:18

Health: -18/50     AC:  3    Str: 12    XL:     7   Next: 35%
Magic:  10/10      EV: 16    Int: 12    God:
Gold:   144        SH:  0    Dex:  9    Spells: 4/12 levels left

rFire   . . .      SeeInvis .   e - +2 dagger (freeze)
rCold   + . .      Faith    .   (no shield)
rNeg    + + +      Spirit   .   a - +0 robe
rPois   ∞          Reflect  .   (no helmet)
rElec   .          Harm     .   (no cloak)
rCorr   .          Rampage  .   v - +0 pair of gloves
Will    .....                   (no boots)
Stlth   ++........              q - amulet of magic regeneration
HPRegen 0.00/turn               i - +4 ring of evasion
MPRegen 0.52/turn               (no ring)

@: inhibited regen, hasted, very quick
A: claws 1, cold resistance 1, negative energy resistance 3, inhibited
regeneration, torment resistance 2, devour on kill
a: no special abilities


You were on level 4 of the Dungeon.
You visited 1 branch of the dungeon, and saw 5 of its levels.
You also visited: Sewer.

You collected 222 gold pieces.
You spent 78 gold pieces at shops.

Inventory:

Hand Weapons
 e - a +2 dagger of freezing (weapon)
Armour
 a - a +0 robe (worn)
 v - a +0 pair of gloves (worn)
Jewellery
 i - a +4 ring of evasion (left hand)
 k - a ring of ice
 q - an amulet of magic regeneration (around neck)
Wands
 g - a wand of paralysis (6)
 u - a wand of mindburst (6)
Scrolls
 c - 2 scrolls of fear
 d - 2 scrolls of enchant weapon {unknown}
 f - 2 scrolls of immolation
 h - a scroll of teleportation
 j - 2 scrolls of enchant armour
 m - a scroll of amnesia {unknown}
 n - a scroll of magic mapping
 r - a scroll of fog {unknown}
 s - 2 scrolls of summoning {unknown}
Potions
 b - a potion of magic
 l - 3 potions of curing
 o - 2 potions of haste
 p - a potion of ambrosia {unknown}
 t - a potion of brilliance {unknown}
 w - a potion of cancellation {unknown}


   Skills:
 - Level 1.7 Dodging
 - Level 2.1 Stealth
 + Level 3.3 Spellcasting
 + Level 8.0 Necromancy


You had 4 spell levels left.
You knew the following spells:

 Your Spells              Type           Power      Damage    Failure   Level
a - Pain                  Necr           84%        1d8       1%          1
b - Vampiric Draining     Necr           21%        2d7       2%          3
c - Animate Dead          Necr           10%        N/A       9%          4

Your spell library contained the following spells:

 Spells                   Type           Power      Damage    Failure   Level
 Animate Skeleton         Necr           42%        N/A       1%          1
 Conjure Flame            Conj/Fire      1%         6-21      58%         3
 Frozen Ramparts          Ice            2%         1d2       58%         3
 Ignite Poison            Fire/Tmut/Pois 1%         N/A       58%         3
 Sticky Flame             Conj/Fire      1%         2d3       94%         4
 Summon Ice Beast         Ice/Summ       1%         N/A       94%         4
 Agony                    Necr           21%        N/A       26%         5
 Ice Form                 Ice/Tmut       Unusable   N/A       N/A         4

Dungeon Overview and Level Annotations

Branches:
Dungeon (5/15)              Sewer (visited)
 Temple: D:4-7

Altars:

Shops:
D:1 *   D:2 !**(

Annotations:
D:4 Edmund, Menkaure
D:5 Eustachio


Innate Abilities, Weirdness & Mutations

You are immune to poison.
You have sharp fingernails.
Your flesh is cold resistant. (rC+)
You are immune to negative energy. (rN+++)
You do not regenerate when monsters are visible.
You are immune to unholy pain and torment.
You thrive by killing the living.


Message History

Press: ? - help, Shift-Dir - straight line You draw life force from something!
You feel better.
Reactivating autopickup.
You feel a bit more experienced.
You feel life coursing into your body.
Your Necromancy skill increases to level 8!
You start resting.
Magic restored.
You start resting.
Menkaure is nearby!
There is a stone staircase leading down here.
Menkaure shouts!
Items here: ! $ ) [.
You start resting.
Menkaure is nearby!
Menkaure casts a spell.
Menkaure seems to speed up.
There is a stone staircase leading down here.
Items here: ! $ ) [.
Menkaure hits you! Menkaure attacks as you move away! Menkaure hits you!
* * * LOW HITPOINT WARNING * * *
Menkaure attacks as you move away! Menkaure barely misses you.
There is a stone staircase leading down here.
Menkaure hits you!
* * * LOW HITPOINT WARNING * * *
Items here: ! $ ) [.
Aiming: Mindburst
Press: ? - help, Shift-Dir - straight line, f - Menkaure
Aim: Menkaure (fast, chance to affect: 64%) Menkaure struggles to resist.
Menkaure hits you.
* * * LOW HITPOINT WARNING * * *
Press: ? - help, v - describe, . - travel
Here: Menkaure (fast)
A stone staircase leading down.
Unknown command.
Unknown command.
You can't see any enemies this would affect, really read the scroll of fear?
Okay, then.
It was a potion of haste.
You feel yourself speed up. Menkaure hits you!!
You die...

#...###.###.!#.# #.##.#
#.# #....##.#
#..#.###.##.# #.#
.<......# #.......#...#
#.#######
.......#####.#.#.###>.#
#.......#
.............#.## #.#.#
#######.#
.....).#######.# #.##.#
#†# #...#### ##.# ##
#.# #<# #...#
#####..#### #.# #.#
#...# #.......@.# #.#
#.# ##..# #.###.###M#
#.# #######.# #..# #.#
#.# #.# #.# #.......#
#..#####.###.# #.# #.#
#.#######
#............# #.# #.#
#.#
#)######.###.###.###.#
#.#
##.######)###.........#
#.#
......)##.........#####
#.# ##.###.######.#####
#.#


You could see Menkaure (fast).

Vanquished Creatures
  A black bear (D:2)
  2 bullfrogs (Sewer)
  2 hounds (D:4)
  An orc priest (D:3)
  An iguana (D:4)
  2 orc wizards
  8 adders
  A river rat (D:5)
  4 dart slugs
  5 orcs
  10 ball pythons
  3 bats
  7 endoplasms
  10 giant cockroaches
  8 hobgoblins
  12 jackals
  5 quokkas
  5 frilled lizards
  6 goblins
  8 kobolds
  3 rats (D:1)
104 creatures vanquished.

Vanquished Creatures (others)
  10 plants (D:4)
10 creatures vanquished.

Grand Total: 114 creatures vanquished

Notes
Turn   | Place    | Note
-------+----------+-------------------------------------------
     0 | D:1      | siradein the Ghoul Necromancer began the quest for the Orb.
     0 | D:1      | Reached XP level 1. HP: 14/14 MP: 2/2
   360 | D:1      | Reached XP level 2. HP: 20/20 MP: 0/3
   403 | D:1      | Found Caeq's Assorted Antiques.
  1178 | D:1      | Reached XP level 3. HP: 15/26 MP: 0/4
  1182 | D:1      | Learned a level 3 spell: Vampiric Draining
  1440 | D:1      | Reached skill level 5 in Necromancy
  1546 | D:1      | Found a faded altar of an unknown god.
  1953 | D:2      | Found Siujyl's Distillery.
  1959 | D:2      | Bought a potion of curing for 30 gold pieces
  1959 | D:2      | Bought 2 potions of degeneration for 20 gold pieces
  1981 | D:2      | Noticed a black bear
  2046 | D:2      | Found Faqutuah's Assorted Antiques.
  2061 | D:2      | Found Houremi's General Store.
  2302 | D:2      | Bought a scroll of identify for 28 gold pieces
  2804 | D:2      | Found Denomaux's Antique Weapon Boutique.
  2839 | D:2      | Killed a black bear
  2840 | D:2      | Reached skill level 6 in Necromancy
  2840 | D:2      | Reached XP level 4. HP: 2/33 MP: 0/5
  2840 | D:2      | Reached XP level 5. HP: 3/38 MP: 0/6
  4555 | D:4      | Noticed Edmund
  4575 | D:4      | Noticed Menkaure
  4714 | D:4      | Reached skill level 7 in Necromancy
  4714 | D:4      | Reached XP level 6. HP: 45/45 MP: 3/7
  4731 | D:4      | Learned a level 4 spell: Animate Dead
  5279 | D:5      | Entered Level 5 of the Dungeon
  5285 | D:5      | Found a glowing drain.
  5325 | Sewer    | Entered a sewer
  5553 | Sewer    | Reached XP level 7. HP: 33/50 MP: 4/10
  6024 | D:5      | Noticed Eustachio
  6044 | D:4      | Reached skill level 8 in Necromancy
  6163 | D:4      | HP: 2/50 [Menkaure (6)]
  6164 | D:4      | Demolished by Menkaure

Illustrated notes

Levels and vault maps discovered:
D:1:      lightli_arrival_maybe_door_vault, layout_basic,
          dreamdust_ecumenical_altar_hidden_monk_grotto, serial_shops,
          nicolae_shop_temple_entry_statues_fountains
D:2:      layout_loops_ring, serial_shops, shop_fountains, shop, shop_statue,
          shop_statue, dk_vineyard_2, minmay_goblin_kobold_house
D:3:      layout_basic
D:4:      kennysheep_kobold_camp, layout_loops_ring, uniq_edmund, uniq_menkaure
D:5:      layout_rooms, cheibrodos_sewer_entry_sluice, uniq_eustachio

Skill      XL: |  1  2  3  4  5  6  7 |
---------------+----------------------+-----
Necromancy     | 6 7 8 |  8.0
Spellcasting   | 2 3 |  3.3
Dodging        | |  1.7
Stealth        | |  2.1

Action                   |  1- 3 |  4- 6 |  7- 9 || total
-------------------------+-------+-------+-------++-------
Melee: Unarmed           |    22 |       |       ||    22
       Dagger            |    49 |     7 |       ||    56
       Punch             |     1 |       |       ||     1
 Cast: Pain              |    73 |   146 |    16 ||   235
       Vampiric Draining |       |     3 |     4 ||     7
Evoke: Wand              |       |       |     1 ||     1
  Use: Scroll            |     4 |     3 |       ||     7
       Potion            |     1 |       |     1 ||     2
 Stab: Sleeping          |     1 |       |       ||     1
Armor: Robe              |    12 |     7 |     1 ||    20
Dodge: Dodged            |    60 |    85 |    18 ||   163

Table legend: (Time is in decaauts)
 A = Elapsed time spent in this place.
 B = Non-inter-level travel time spent in this place.
 C = Inter-level travel time spent in this place.
 D = Time resting spent in this place.
 E = Time spent auto-exploring this place.
 F = Levels seen in this place.
 G = Mean time per level.
                   A        B        C        D        E       F      G
               +--------+--------+--------+--------+--------+-----+--------+
         Total |   6267 |   5973 |    294 |    380 |   3837 |   6 | 1044.5 |
       Dungeon |   5496 |   5202 |    294 |    271 |   3365 |   5 | 1099.2 |
         Sewer |    771 |    771 |      0 |    109 |    471 |   1 |  771.0 |
               +--------+--------+--------+--------+--------+-----+--------+

Top non-repeatable levels by time:
     D:1: 2081 daAuts
     D:2: 1250 daAuts
     D:3: 1227 daAuts
     D:4: 848 daAuts
   Sewer: 771 daAuts
     D:5: 87 daAuts
